Arrhythmia, chaotic female vampiric Convict # ------|- -------- -------- -------- -------- -------- |......| |......| ###-......| ##+......| |......| |......| |......-####.......| # |..._@s| # |......-####.......| |......| |......| |.......## |.....^.#/# |......| |..`....####.+.....| -----.-- -.------ --.----- ------.- -------- --.----- ### # # ##### #### ---.---- -------- --.----- --|----- -------- -----.-- |.).....####|......| |......| |......| |......| |......| |......| #.......| |..<...| |".....| #.......| |......| |...)..| |#.....| |......| |.{....-####|.......####-......| ---.---- ------.- -------- -----.-- -----.-- -----.-- ## ###### ##### ##### #### ----|--- -.------ -------- -.------ --|----- --.----- |.....=| |......| |......| |....).| |......| |..._..| |...*?!| |......| |......| |......| |......| |......| |).?...| |...>...####-......| |......| |......| |......| -------- -------- -------- -------- -------- -------- Arrhythmia the Jail-bird Experience level: 6 Strength: 15 Dexterity: 15 Constitution: 18 Intelligence: 9 Wisdom: 10 Charisma: 7 Health: 51(53) Energy: 36(36) AC: 7 Gold: 166 Moves: 2112 Your Inventory: Coins $ - 166 gold pieces Armor b - a cursed +0 striped shirt (being worn) d - an [uncursed] +0 iron skull cap [orcish helm] (being worn) m - an uncursed +0 pair of jackboots [high] (being worn) q - an [uncursed] +0 hooded cloak [dwarvish] (being worn) u - an [uncursed] +0 pair of levitation boots [of telepathy] Scrolls h - a cursed scroll labeled THARR [of fire] i - an uncursed unlabeled scroll [of blank paper] Wands f - an uncursed wand of fire [0:7] l - an uncursed wand of cold [0:4] Tools g - an uncursed skeleton key Iron balls c - an uncursed heavy iron ball (chained to you) Spells known in the end: Name Level Category Fail Memory a - knock 1 matter 59% [||||||||] Your skills at the end: Fighting Skills Weapon Skills sling [Basic / Skilled] Spellcasting Skills Final Attributes: You were piously aligned. Hunger level was 462. Your alignment was 20 / 20. Monster difficulty range was 0 - 4. Level difficulty was 3. You were immune to level-drain. You were immune to sickness. You were punished. You saw invisible. You could fly. You could survive without air. You regenerated. Your luck was zero. You survived. Vanquished creatures: a small mimic a pony a gnome lord a floating eye 2 dwarves a kobold lord 3 orc zombies a dwarf zombie an iguana 2 coyotes 2 hobgoblins a giant rat 3 cave spiders 3 gnomes 4 geckos 3 foxes a kobold 2 goblins a sewer rat 8 grid bugs a lichen 7 newts 50 creatures vanquished. Voluntary challenges: You went without food. You used a wielded weapon 4 times. You read items or engraved 11 times. You put on armor 6 times. You never genocided any monsters. You never polymorphed an object. You never changed form. You used no wishes. You abstained from Elbereth's help. You never encountered a bones level. You never used any Sokoban shortcuts. Dungeon overview: The Dungeons of Doom: levels 1 to 4 Level 1 a long staircase Level 2 a pet store Level 3 <- You were here a general store, an altar to Tymora, a fountain, a sink Level 4 a fountain stairs to The Gnomish Mines The Gnomish Mines: Level 5 stairs to The Dungeons of Doom History has recorded: On T:1 you entered the Dungeons of Doom to retrieve the Amulet of Yendor! On T:158 you reached level 2 of The Dungeons of Doom. On T:212 you advanced to experience level 2. On T:616 you advanced to experience level 3. On T:786 you reached level 3 of The Dungeons of Doom. On T:836 you advanced to experience level 4. On T:1289 you advanced to experience level 5. On T:1383 you reached level 4 of The Dungeons of Doom. On T:1541 you reached level 1 of The Gnomish Mines. On T:1685 you advanced to experience level 6. Latest messages: You hit the gecko. You miss the gecko. The gecko misses. You miss the gecko. You bite the gecko. You miss the gecko. You bite the gecko. You kill the gecko! Where do you want to travel to? The cave spider bites! [HP-1=52] You miss the cave spider. (2x) The cave spider bites! [HP-1=51] You don't have that object. You don't have that object. You drop a pick-axe. The cave spider bites! Final status: Goodbye Arrhythmia the Convict... You quit in The Dungeons of Doom on dungeon level 3 with 1922 points, and 166 pieces of gold, after 2112 moves. You were level 6 with a maximum of 53 hit points when you quit.